 Dungeon Crawl Stone Soup version 0.29-a0-643-ga013cefcf8 (webtiles) character file.

Game seed: 3373551508925864695

2 ptdevnull the Skirmisher (level 1, -2/24 HPs)
             Began as an Ogre Monk on June 20, 2022.
             Slain by a jackal (3 damage)
             ... on level 1 of the Dungeon.
             The game lasted 00:00:22 (99 turns).

ptdevnull the Skirmisher (Ogre Monk)                  Turns: 99, Time: 00:00:23

Health: -2/24      AC:  3    Str: 14    XL:     1   Next: 40%
Magic:  1/1        EV: 10    Int: 11    God:
Gold:   9          SH:  0    Dex: 11    Spells: 0/0 levels left

rFire   . . .      SeeInvis .   a - +0 mace
rCold   . . .      Faith    .   (no shield)
rNeg    . . .      Spirit   .   b - +0 robe
rPois   .          Reflect  .   (helmet restricted)
rElec   .          Harm     .   (no cloak)
rCorr   .          Rampage  .   (gloves unavailable)
Will    .....                   (boots unavailable)
Stlth   ++........              (no amulet)
HPRegen 0.08/turn               (no ring)
MPRegen 0.07/turn               (no ring)

@: no status effects
A: large, unfitting armour, tough skin 1
a: no special abilities


You were on level 1 of the Dungeon.
You visited 1 branch of the dungeon, and saw 1 of its levels.

You collected 9 gold pieces.

Inventory:

Hand Weapons
 a - a +0 mace (weapon)
Armour
 b - a +0 robe (worn)
Scrolls
 d - a scroll of acquirement {unknown}
 e - a scroll of identify {unknown}
 f - a scroll of teleportation {unknown}
Potions
 c - a potion of ambrosia


   Skills:
 - Level 4.0 Fighting
 + Level 2.9 Maces & Flails
 - Level 2.6 Dodging
 - Level 1.4 Stealth


You couldn't memorise any spells.
You didn't know any spells.
Your spell library was empty.

Dungeon Overview and Level Annotations

Branches:
Dungeon (1/15)

Altars:


Innate Abilities, Weirdness & Mutations

You are too large for most types of armour.
You have tough skin. (AC +1)


Message History

The jackal bites you but does no damage.
The jackal misses you.
The jackal bites you but does no damage.
The jackal completely misses you. The jackal closely misses you.
You barely miss the jackal.
The jackal is heavily wounded.
The jackal closely misses you. The jackal bites you.
The jackal closely misses you. x2
The jackal bites you but does no damage.
The jackal barely misses you.
You closely miss the jackal.
The jackal is heavily wounded.
The jackal bites you. The jackal closely misses you. The jackal bites you.
The jackal bites you but does no damage.
The jackal bites you. The jackal barely misses you.
You are too injured to fight recklessly!
You are too injured to fight recklessly!
Unknown command.
You barely miss the jackal.
The jackal is heavily wounded.
The jackal closely misses you. The jackal barely misses you. x2
You closely miss the jackal.
The jackal is heavily wounded.
The jackal closely misses you.
The jackal bites you but does no damage.
The jackal barely misses you. The jackal bites you.
* * * LOW HITPOINT WARNING * * *
The jackal bites you.
* * * LOW HITPOINT WARNING * * *
The jackal bites you.
* * * LOW HITPOINT WARNING * * *
You hit the jackal.
The jackal is almost dead.
The jackal closely misses you. The jackal barely misses you.
The jackal bites you.
* * * LOW HITPOINT WARNING * * *
The jackal bites you.
* * * LOW HITPOINT WARNING * * *
The jackal barely misses you. The jackal bites you.
You die...

#...........#.#
..##.###.##...###+###..
#.#.......#.#.#.......#
#...##.##...#.........#
#.#.#...#.#.#.#.......#
..#...#...#...#......#
#.#.#...#.#.#.#......#
#...##.##...#.$.hh...#
#.#.......#.#.#.@h...#
..##.###.##...####+#....#
#)..........#.# ####
##.###.###.##..
..............# .###.#
#.###.## . ## ### ## ## #


You could see 3 jackals.

Vanquished Creatures
  A jackal (D:1)
  A ball python (D:1)
  A kobold (D:1)
3 creatures vanquished.

Notes
Turn   | Place    | Note
-------+----------+-------------------------------------------
     0 | D:1      | ptdevnull the Ogre Monk began the quest for the Orb.
     0 | D:1      | Reached XP level 1. HP: 24/24 MP: 1/1
    99 | D:1      | HP: 1/24 [jackal (1)]
    99 | D:1      | Slain by a jackal

Illustrated notes

Levels and vault maps discovered:
D:1:      elethiomel_arrival_quiet, layout_basic,
          nicolae_concentric_dashed_squares_wild, grunt_decor_junction

Action                   || total
-------------------------++-------
Melee: Mace              ||    15
Armor: Robe              ||    15
Dodge: Dodged            ||    35

Table legend: (Time is in decaauts)
 A = Elapsed time spent in this place.
 B = Non-inter-level travel time spent in this place.
 C = Inter-level travel time spent in this place.
 D = Time resting spent in this place.
 E = Time spent auto-exploring this place.
 F = Levels seen in this place.
 G = Mean time per level.
                   A        B        C        D        E       F      G
               +--------+--------+--------+--------+--------+-----+--------+
         Total |    102 |    102 |      0 |      0 |     68 |   1 |  102.0 |
       Dungeon |    102 |    102 |      0 |      0 |     68 |   1 |  102.0 |
               +--------+--------+--------+--------+--------+-----+--------+

Top non-repeatable levels by time:
     D:1: 102 daAuts
